 Dungeon Crawl Stone Soup version 0.30-a0-778-g2ef04afb54 (webtiles) character file.

Game seed: 16926652891063242677

1433 Patoropollo the Thaumaturge (level 8, -3/52 HPs)
             Began as a Mummy Necromancer on Feb 16, 2023.
             Slain by a wraith (12 damage)
             ... on level 5 of the Dungeon.
             The game lasted 00:23:21 (5135 turns).

Patoropollo the Thaumaturge (Mummy Necromancer)     Turns: 5135, Time: 00:23:21

Health: -3/52      AC:  2    Str: 11    XL:     8   Next: 45%
Magic:  21/21      EV: 12    Int: 16    God:
Gold:   250        SH:  0    Dex: 19    Spells: 21/25 levels left

rFire   x . .      SeeInvis .    o - +0 spear (pain)
rCold   + . .      Faith    +    (no shield)
rNeg    + + +      Spirit   .    a - +0 robe
rPois   ∞          Reflect  .    (no helmet)
rElec   .          Harm     .    (no cloak)
rCorr   .          Rampage  .    (no gloves)
Will    +....                    (no boots)
Stlth   ++                       (no amulet)
HPRegen 0.28/turn                b - +4 ring of slaying
MPRegen 0.17/turn                k - +6 ring of dexterity

@: slowed, very slow
A: cold resistance 1, negative energy resistance 3, torment resistance 2, heat
vulnerability 1, in touch with death 1, no potions, faith
a: no special abilities


You were on level 5 of the Dungeon.
You visited 1 branch of the dungeon, and saw 5 of its levels.

You collected 250 gold pieces.

Inventory:

Hand Weapons
 o - a +0 spear of pain (weapon)
Armour
 a - a +0 robe (worn)
Jewellery
 b - a +4 ring of slaying (left hand)
 k - a +6 ring of dexterity (right hand)
Wands
 j - a wand of mindburst (22)
 n - a wand of flame (26)
Scrolls
 c - 6 scrolls of brand weapon {unknown}
 d - 3 scrolls of immolation {unknown}
 e - 3 scrolls of enchant weapon {unknown}
 f - 3 scrolls of fog {unknown}
 g - 8 scrolls of identify {unknown}
 i - a scroll of fear
 l - 2 scrolls of vulnerability {unknown}
 m - a scroll of blinking {unknown}


   Skills:
 - Level 1.5 Dodging
 - Level 1.5 Stealth
 + Level 9.3 Spellcasting
 + Level 8.5 Necromancy


You had 21 spell levels left.
You knew the following spells:

 Your Spells              Type           Power      Damage    Failure   Level
a - Necrotise             Necr           100%       1d9       1%          1
b - Vampiric Draining     Necr           51%        2d9       1%          3

Your spell library contained the following spells:

 Spells                   Type           Power      Damage    Failure   Level
 Animate Dead             Necr           51%        N/A       3%          4
 Agony                    Necr           51%        N/A       9%          5
 Shock                    Conj/Air       28%        1d4       10%         1
 Searing Ray              Conj           14%        2d5       16%         2
 Flame Wave               Conj/Fire      7%         2d5       69%         4
 Fireball                 Conj/Fire      3%         3d4       95%         5
 Orb of Destruction       Conj           3%         9d5       100%        7


Dungeon Overview and Level Annotations

Branches:
Dungeon (5/15)
 Temple: D:4-7

Altars:
Qazlal

Shops:
D:1 *


Innate Abilities, Weirdness & Mutations

You are immune to poison.
Your flesh is cold resistant. (rC+)
You are immune to negative energy. (rN+++)
You are immune to unholy pain and torment.
You are vulnerable to heat. (rF-)
You are in touch with the powers of death.
You do not drink.
You have a special connection with the divine. (Faith)


Message History

You hit the jackal.
You kill the jackal!
You barely miss the wraith. The wraith barely misses you.
You barely miss the wraith. The wraith closely misses you.
An ogre comes into view. It is wielding a +0 giant spiked club.
The wraith hits you!
The ogre shouts!
You hit the wraith but do no damage. The wraith hits you!
The wraith drains your vigour!
You feel yourself slow down.
Aiming: Throw Flame
Press: ? - help, Shift-Dir - straight line, f - wraith
Aim: a wraith (68% to hit)
The puff of flame hits the wraith but does no damage.
The wraith barely misses you.
Reach: o) +0 spear (pain)
Press: ? - help, Dir - move target, f/p - wraith
Aim: a wraith (about 33% to evade your +0 spear of pain)
Okay, then.
Aiming: Throw Flame
Press: ? - help, Shift-Dir - straight line, f/p - wraith
Aim: a wraith (68% to hit)
The puff of flame hits the wraith.
The wraith is moderately damaged.
The wraith hits you! The wraith drains your vigour!
You feel as though you will be slow longer.
The wraith hits you!
* * * LOW HITPOINT WARNING * * *
The wraith drains your vigour!
You feel as though you will be slow longer.
Okay, then.
As you read the scroll labelled FEGOZY IHEWK, it crumbles to dust.
You assume a fearsome visage.
The wraith is unaffected.
The ogre looks frightened!
The jackal looks frightened!
It was a scroll of fear.
The wraith hits you.
* * * LOW HITPOINT WARNING * * *
The air fills with toxic fumes!
As you read the scroll labelled HAOSKY JEA, it crumbles to dust.
It was a scroll of poison.
The wraith completely misses you.
The ogre is poisoned.
The wraith hits you!
You die...

..!# #.##..# .#.#
##.##..# ...#
#.#....# ####
##.###.# #.###.#
#.....#
#######§####### ##.
##.....§§§§§§§§#
#..
#.....##.#####@#
#h. # .......#.#
#W# .. #..
#........# #§##h#.n
.
##...#..######.#...
... ##
#.......§§#.#.....
#.#.#.#.#O§.......
..###....§§#####...
### #.#.#.#.#
#.##.....# ..#


You could see a wraith and an ogre (fleeing, poisoned).

Vanquished Creatures
  Sigmund (D:5)
  Eustachio (D:5)
  Edmund (D:4)
  An ice beast (D:5)
  A phantom (D:3)
  4 scorpions
  Dowan (D:5)
  3 jellies
  2 gnoll boudas (D:5)
  2 hounds (D:5)
  An iguana (D:5)
  2 orc priests
  Jessica (D:3)
  2 orc wizards (D:4)
  2 adders
  8 gnolls (D:5)
  An ufetubus (D:3)
  A worm (D:2)
  11 orcs
  3 ball pythons
  4 endoplasms
  4 giant cockroaches
  4 goblins
  8 hobgoblins
  8 jackals
  5 quokkas
  9 bats
  2 frilled lizards (D:1)
  12 kobolds
  6 rats
111 creatures vanquished.

Vanquished Creatures (collateral kills)
  2 orcs (D:4)
  An endoplasm (D:3)
  A bat (D:3)
  A rat (D:3)
5 creatures vanquished.

Grand Total: 116 creatures vanquished

Notes
Turn   | Place    | Note
-------+----------+-------------------------------------------
     0 | D:1      | Patoropollo the Mummy Necromancer began the quest for the
                  | Orb.
     0 | D:1      | Reached XP level 1. HP: 13/13 MP: 4/4
   129 | D:1      | Reached skill level 3 in Spellcasting
   231 | D:1      | Reached XP level 2. HP: 19/19 MP: 1/6
   287 | D:1      | Found Yssickayhu's General Store.
   336 | D:1      | Found a faded altar of an unknown god.
  1073 | D:1      | Gained mutation: You are in touch with the powers of death.
                  | [Mummy growth]
  1073 | D:1      | Reached XP level 3. HP: 24/24 MP: 1/8
  1779 | D:3      | Reached skill level 4 in Spellcasting
  1779 | D:3      | Reached XP level 4. HP: 18/30 MP: 3/10
  1975 | D:3      | Reached skill level 5 in Necromancy
  2165 | D:3      | Noticed Jessica
  2189 | D:3      | Killed Jessica
  2197 | D:3      | Learned a level 3 spell: Vampiric Draining
  2478 | D:4      | Noticed Edmund
  2478 | D:4      | Noticed a scorpion
  2523 | D:4      | Reached skill level 5 in Spellcasting
  2523 | D:4      | Reached XP level 5. HP: 27/35 MP: 0/12
  2734 | D:4      | Killed Edmund
  2735 | D:4      | Reached skill level 6 in Spellcasting
  2735 | D:4      | Reached XP level 6. HP: 15/41 MP: 1/15
  3111 | D:4      | Got the Discursus on Battling
  3275 | D:4      | Reached XP level 7. HP: 46/46 MP: 10/17
  3321 | D:4      | Found a stormy altar of Qazlal.
  3334 | D:4      | Reached skill level 7 in Spellcasting
  3956 | D:5      | Entered Level 5 of the Dungeon
  3988 | D:5      | Noticed Dowan
  4280 | D:5      | Reached skill level 8 in Spellcasting
  4421 | D:5      | Noticed Sigmund
  4431 | D:5      | Killed Sigmund
  4432 | D:5      | Reached XP level 8. HP: 33/52 MP: 11/20
  4648 | D:5      | Noticed Eustachio
  4675 | D:5      | Killed Eustachio
  4789 | D:5      | Reached skill level 9 in Spellcasting
  4921 | D:5      | Killed Dowan
  5135 | D:5      | Slain by a wraith

Illustrated notes

Levels and vault maps discovered:
D:1:      tarquinn_simple_flora_water_d, layout_loops_corners,
          hellmonk_ecumenical_altar_crossroads, serial_shops,
          nicolae_shop_statue_plus, minmay_misc_feat_diagonals, minmay_unequal
D:2:      layout_basic, basic_altar, uniq_terence
D:3:      layout_basic, ebering_dispersal_statue_hall, minmay_pentomino_pile,
          uniq_jessica
D:4:      layout_cave_pools, overflow_temple_1_default, minivault_11,
          corexii_item_surrounded_by_moat, kennysheep_generic_room_6,
          uniq_edmund
D:5:      layout_loops_ring, minmay_manual_moon, uniq_eustachio, uniq_sigmund,
          uniq_duvessa

Skill      XL: |  1  2  3  4  5  6  7  8 |
---------------+-------------------------+-----
Spellcasting   | 3 4 5 6 8 9 |  9.3
Necromancy     | 5 6 8 |  8.5
Dodging        | |  1.5
Stealth        | |  1.5

Action                     |  1- 3 |  4- 6 |  7- 9 || total
---------------------------+-------+-------+-------++-------
  Melee: Unarmed           |     2 |       |       ||     2
         Whip              |       |     8 |       ||     8
         Spear             |       |       |    29 ||    29
   Cast: Necrotise         |    71 |    61 |    73 ||   205
         Vampiric Draining |       |    14 |    22 ||    36
  Evoke: Wand              |       |       |     2 ||     2
    Use: Scroll            |       |       |     2 ||     2
   Stab: Sleeping          |       |       |     1 ||     1
 Armour: Robe              |     7 |     6 |     6 ||    19
  Dodge: Dodged            |    28 |    25 |    36 ||    89

Table legend: (Time is in decaauts)
 A = Elapsed time spent in this place.
 B = Non-inter-level travel time spent in this place.
 C = Inter-level travel time spent in this place.
 D = Time resting spent in this place.
 E = Time spent auto-exploring this place.
 F = Levels seen in this place.
 G = Mean time per level.
                   A        B        C        D        E       F      G
               +--------+--------+--------+--------+--------+-----+--------+
         Total |   5152 |   4996 |    156 |      0 |   4079 |   5 | 1030.4 |
       Dungeon |   5152 |   4996 |    156 |      0 |   4079 |   5 | 1030.4 |
               +--------+--------+--------+--------+--------+-----+--------+

Top non-repeatable levels by time:
     D:1: 1477 daAuts
     D:3: 1334 daAuts
     D:5: 1182 daAuts
     D:4: 878 daAuts
     D:2: 280 daAuts
